 Dungeon Crawl Stone Soup version 0.30-a0-1018-g25214051b3 (webtiles) character file.

Game seed: 15162336072130980450

30901 holysushi the Executioner (level 13, -4/114 HPs)
             Began as a Hill Orc Fighter on Apr 8, 2023.
             Was an Initiate of Gozag.
             Slain by a swamp worm (11 damage)
             ... on level 3 of the Lair of Beasts.
             The game lasted 00:21:40 (17336 turns).

holysushi the Executioner (Hill Orc Fighter)       Turns: 17336, Time: 00:21:40

Health: -4/114     AC: 21    Str: 27    XL:     13   Next: 54%
Magic:  13/13      EV: 18    Int: 11    God:    Gozag
Gold:   1864       SH:  5    Dex: 16    Spells: 12/12 levels left

rFire   . . .      SeeInvis .    v - +0 executioner's axe (flame)
rCold   . . .      Faith    .    (shield currently unavailable)
rNeg    . . .      Spirit   .    u - +4 chain mail
rPois   +          Reflect  +    L - +0 helmet {Int+3}
rElec   .          Rampage  +    k - +0 cloak
rCorr   .                        z - +0 pair of gloves
Will    .....                    F - +2 pair of boots {rampage} Stlth
                                 w - amulet "Piwen" {Reflect Str+5 SH+5}
HPRegen 0.39/turn                D - ring of poison resistance
MPRegen 0.13/turn                P - ring "Neost" {EV+5 Dex+4}

@: gold aura, slowed, very slow
A: no striking features
a: Renounce Religion, Potion Petition, Call Merchant, Bribe Branch


You were on level 3 of the Lair of Beasts.
You worshipped Gozag.
Gozag was most pleased with you.
You visited 3 branches of the dungeon, and saw 14 of its levels.
You also visited: Sewer, Ossuary and Bailey.

You collected 3331 gold pieces.
You spent 925 gold pieces at shops.
You paid 542 gold pieces to Gozag.

Inventory:

Hand Weapons
 a - a +1 war axe
 v - a +0 executioner's axe of flaming (weapon)
 y - a +0 broad axe
 E - a +1 hand axe of electrocution
Armour
 c - a +0 buckler
 k - a +0 cloak (worn)
 u - a +4 chain mail (worn)
 z - a +0 pair of gloves (worn)
 A - a +3 scale mail
 B - a +3 plate armour
 F - a +2 pair of boots of rampaging (worn)
 I - a +0 kite shield
 L - a +0 helmet of intelligence (worn)
Jewellery
 i - a ring of ice
 w - the amulet "Piwen" (around neck) {Reflect Str+5 SH+5}
   (You acquired it on level 7 of the Dungeon)

   [amulet of reflection]

   It reflects blocked missile attacks.
   Str:       It affects your strength (+5).
   SH:        It affects your SH (+5).
 D - a ring of poison resistance (left hand)
 O - a ring of protection from cold
 P - the ring "Neost" (right hand) {EV+5 Dex+4}
   (You bought it in a shop on level 1 of the Lair of Beasts)

   [ring of evasion]

   EV:        It affects your evasion (+5).
   Dex:       It affects your dexterity (+4).
 S - a ring of protection from cold
 T - a ring of magical power
Wands
 p - a wand of paralysis (5)
 H - a wand of mindburst (6)
 K - a wand of digging (13)
 R - a wand of flame (12)
Scrolls
 g - 2 scrolls of amnesia
 j - 7 scrolls of teleportation
 n - 7 scrolls of fear
 q - 3 scrolls of noise
 r - a scroll of immolation
 N - a scroll of acquirement
 Q - 5 scrolls of identify
 U - a scroll of silence
Potions
 b - a potion of haste
 d - 7 potions of curing
 e - a potion of cancellation {unknown}
 f - 4 potions of resistance
 h - 3 potions of invisibility
 l - a potion of berserk rage
 m - 5 potions of lignification
 o - 3 potions of attraction
 s - 2 potions of mutation
 t - a potion of heal wounds
 x - 2 potions of flight
 C - a potion of ambrosia {unknown}
 J - a potion of brilliance {unknown}
 M - a potion of might
Miscellaneous
 G - a phantom mirror


   Skills:
 + Level 10.7 Fighting
 + Level 22.2 Axes
 - Level 6.0 Armour
 - Level 8.0 Dodging
 - Level 3.0 Stealth
 - Level 3.2 Shields
 - Level 3.0 Evocations


You had 12 spell levels left.
You didn't know any spells.
Your spell library contained the following spells:

 Spells                   Type           Power      Damage    Failure   Level
 Apportation              Tloc           0%         N/A       83%         1
 Freeze                   Ice            0%         1d3       83%         1
 Kiss of Death            Conj/Necr      0%         2d5       83%         1
 Necrotise                Necr           0%         1d4       83%         1
 Sandblast                Erth           0%         2d4       83%         1
 Shock                    Conj/Air       0%         1d3       83%         1
 Summon Small Mammal      Summ           0%         N/A       83%         1
 Passwall                 Tmut/Erth      0%         N/A       92%         2
 Call Canine Familiar     Summ           0%         N/A       99%         3
 Confusing Touch          Hex            0%         N/A       99%         3
 Frozen Ramparts          Ice            0%         1d1       99%         3
 Hailstorm                Conj/Ice       0%         3d3       99%         3
 Portal Projectile        Hex/Tloc       0%         N/A       99%         3
 Stone Arrow              Conj/Erth      0%         3d7       99%         3
 Swiftness                Air            0%         N/A       99%         3
 Airstrike                Air            0%         2d(0-16)  100%        4
 Dispel Undead            Necr           0%         3d6       100%        4
 Ice Form                 Ice/Tmut       0%         N/A       100%        4
 Leda's Liquefaction      Hex/Erth       0%         N/A       100%        4
 Passage of Golubria      Tloc           0%         N/A       100%        4
 Summon Ice Beast         Ice/Summ       0%         N/A       100%        4
 Silence                  Hex/Air        0%         N/A       100%        5
 Summon Mana Viper        Hex/Summ       0%         N/A       100%        5
 Monstrous Menagerie      Summ           0%         N/A       100%        7
 Lehudib's Crystal Spear  Conj/Erth      0%         10d2      100%        8
 Chain Lightning          Conj/Air       0%         N/A       100%        9
 Animate Dead             Necr           Unusable   N/A       N/A         4

Dungeon Overview and Level Annotations

Branches:
Dungeon (10/15) Zot: 26602  Temple (1/1) D:5 Zot: 5860    Lair (3/5) D:9 Zot: 15239
  Sewer (visited)         Ossuary (visited)          Bailey (visited)
  Swamp: Lair:2-3    Shoals: Lair:2-3     Snake: Lair:2-3    Spider: Lair:2-3
    Orc: D:9-12

Altars:
Ashenzari
Cheibriados
Dithmenos
Elyvilon
Fedhas
Gozag
Hepliaklqana
Kikubaaqudgha
Nemelex Xobeh
Okawaru
Qazlal
Ru
Sif Muna
Trog
Uskayaw
Vehumet
Wu Jian
Xom
Yredelemnul
Zin
The Shining One

Shops:
D:7 (   D:8 (   Lair:1 =

Annotations:
D:3 1 runed translucent door, Crazy Yiuf


Message History

The swamp worm is distracted by your dazzling golden aura.
The bog body gestures at you while chanting.
You resist with significant effort.
You see here 6 gold pieces.
You hit the bog body. You burn the bog body.
The bog body is lightly damaged.
The swamp worm fires a harpoon shot at you.
The harpoon shot misses you.
The bog body gestures at you while chanting.
You feel as though you will be slow longer.
You rampage towards the bog body!
You completely miss the bog body. You slash the bog body!
You burn the bog body. You slice the swamp worm!! You burn the swamp worm!
You kill the swamp worm!
The bog body touches you but does no damage.
The bog body touches you. The bog body freezes you!!
You slash the bog body! You burn the bog body.
The bog body is moderately damaged.
You hit the bog body. You burn the bog body.
The swamp worm is no longer distracted by gold.
The bog body points at you and mumbles some strange words.
The bolt of cold hits you!!
* * * LOW HITPOINT WARNING * * *
You block the bog body's attack. The bog body touches you!
* * * LOW HITPOINT WARNING * * *
The bog body freezes you!!
* * * LOW HITPOINT WARNING * * *
You are too injured to fight recklessly!
You are too injured to fight recklessly!
You slash the bog body! You burn the bog body.
The bog body is severely damaged.
You slice the bog body!! You burn the bog body.
You destroy the bog body!
The bog body touches you but does no damage.
You slash the bog body!
You destroy the bog body!
You hit the swamp worm but do no damage.
The swamp worm bites you!
You die...
Your body crumbles into a pile of gold.

...............#
...............#
...............#
........#..#...#
........#......#
........#.....$##
............#$.#
...........#$w#
#.#.....#@## #
#..#...#$$##..###
.##...##........
.... #...##...
#..## .... ....#
#..... .##....


You could see a swamp worm.

Vanquished Creatures
  Fannar (Lair:1)
  A hydra (Lair:3)
  A two-headed ogre (D:8)
  A tengu warrior (D:9)
  Amaemon (Lair:1)
  2 bog bodies (Lair:3)
  Pikel (D:6)
  A deep elf pyromancer (D:9)
  An orc knight (Bailey)
  A cyclops (D:7)
  3 ugly things (D:7)
  4 elephants (Lair:2)
  10 cane toads
  An orange demon (Lair:1)
  2 kobold demonologists (Bailey)
  An unseen horror (D:10)
  5 komodo dragons
  2 polar bears
  A hornet (D:8)
  3 blink frogs (Lair:3)
  Grinder (D:6)
  A shadow (D:8)
  42 yaks
  5 wyverns
  5 basilisks
  4 steam dragons
  A swamp worm (Lair:3)
  12 water moccasins
  Duvessa (D:4)
  19 orc warriors
  3 black bears
  4 sky beasts
  3 centaurs
  A lemure (D:6)
  A phantom (D:6)
  6 elf zombies (Ossuary)
  9 bullfrogs
  4 scorpions
  2 gnoll sergeants
  3 wights (D:9)
  Dowan (D:4)
  6 killer bees (D:8)
  6 electric eels (Bailey)
  6 howler monkeys
  2 centaur zombies (Ossuary)
  4 human zombies (Ossuary)
  2 jellies
  A sleepcap (D:5)
  5 orc priests
  3 gnoll boudas
  6 hounds
  19 orc wizards
  7 iguanas
  3 mummies (Ossuary)
  30 gnolls
  12 adders
  2 shadow imps (D:7)
  5 worms
  4 dart slugs
  46 orcs
  5 ball pythons
  10 bats
  5 endoplasms
  10 giant cockroaches
  11 goblins
  7 hobgoblins
  3 jackals (D:4)
  2 quokkas (D:1)
  8 frilled lizards
  2 goblin zombies (D:4)
  A kobold (D:3)
  2 rats
406 creatures vanquished.

Vanquished Creatures (others)
  A vampire (D:7)
  A basilisk (D:9)
  9 fungi
  28 plants
39 creatures vanquished.

Grand Total: 445 creatures vanquished

Notes
Turn   | Place    | Note
-------+----------+-------------------------------------------
     0 | D:1      | holysushi the Hill Orc Fighter began the quest for the Orb.
     0 | D:1      | Reached XP level 1. HP: 19/19 MP: 1/1
   232 | D:1      | Reached skill level 3 in Axes
   356 | D:1      | Reached XP level 2. HP: 25/26 MP: 2/2
   496 | D:1      | Reached skill level 4 in Axes
   557 | D:1      | Found a faded altar of an unknown god.
  1176 | D:2      | Reached XP level 3. HP: 18/31 MP: 3/3
  1253 | D:2      | Reached skill level 5 in Axes
  1361 | D:2      | Gained mutation: Your muscles are strong. (Str +4, Int/Dex
                  | -1) [potion of mutation]
  1361 | D:2      | Gained mutation: You have a pair of small antennae on your
                  | head. [potion of mutation]
  1365 | D:2      | Reached XP level 4. HP: 12/39 MP: 1/4
  1369 | D:2      | Reached skill level 6 in Axes
  1376 | D:2      | HP: 1/58 [gnoll/+0 halberd (6)]
  2055 | D:3      | Noticed a scorpion
  2062 | D:3      | Killed a scorpion
  2063 | D:3      | Reached skill level 7 in Axes
  2063 | D:3      | Reached XP level 5. HP: 23/45 MP: 2/5
  2518 | D:3      | Noticed a sky beast
  2534 | D:3      | Killed a sky beast
  2535 | D:3      | Reached skill level 8 in Axes
  2535 | D:3      | Reached XP level 6. HP: 24/51 MP: 4/6
  2855 | D:3      | Lost mutation: Your muscles are strong. (Str +4, Int/Dex
                  | -1) [potion of mutation]
  2855 | D:3      | Lost mutation: You have a pair of small antennae on your
                  | head. [potion of mutation]
  2855 | D:3      | Gained mutation: You are robust. (+10% HP) [potion of
                  | mutation]
  2855 | D:3      | Lost mutation: You are robust. (+10% HP) [potion of
                  | mutation]
  2970 | D:3      | Found a runed translucent door.
  2971 | D:3      | Noticed Crazy Yiuf
  3592 | D:4      | Noticed Duvessa
  3593 | D:4      | Noticed Dowan
  3731 | D:4      | Found a sand-covered staircase.
  3739 | Ossuary  | Entered an ossuary
  3782 | Ossuary  | Reached skill level 9 in Axes
  3804 | Ossuary  | Reached XP level 7. HP: 24/57 MP: 3/7
  3818 | Ossuary  | Reached skill level 10 in Axes
  4046 | Ossuary  | Reached skill level 1 in Dodging
  4221 | Ossuary  | Reached XP level 8. HP: 48/67 MP: 8/8
  4420 | D:4      | Reached skill level 5 in Fighting
  4450 | D:4      | Reached skill level 11 in Axes
  4569 | D:4      | Killed Duvessa
  4596 | D:4      | Killed Dowan
  4762 | D:4      | Found a broken altar of Ashenzari.
  5098 | D:4      | Found a snail-covered altar of Cheibriados.
  5235 | D:4      | Found a sacrificial altar of Ru.
  5336 | D:4      | Reached skill level 12 in Axes
  5399 | D:5      | Entered Level 5 of the Dungeon
  5579 | D:5      | Found a radiant altar of Vehumet.
  5639 | D:5      | Found a glowing drain.
  5690 | Sewer    | Entered a sewer
  6180 | D:5      | Found a staircase to the Ecumenical Temple.
  6196 | Temple   | Entered the Ecumenical Temple
  6327 | Temple   | Became a worshipper of Gozag Ym Sagoz the Greedy
  6359 | D:5      | Reached skill level 13 in Axes
  6359 | D:5      | Reached XP level 9. HP: 42/74 MP: 7/9
  6854 | D:5      | Reached skill level 5 in Armour
  6874 | D:5      | Reached skill level 14 in Axes
  7037 | D:5      | Found a blossoming altar of Fedhas.
  7038 | D:5      | Found a hazy altar of Hepliaklqana.
  7378 | D:6      | Reached skill level 15 in Axes
  7546 | D:6      | Noticed Pikel
  7559 | D:6      | Killed Pikel
  7560 | D:6      | Reached skill level 16 in Axes
  7560 | D:6      | Reached XP level 10. HP: 67/81 MP: 8/10
  7781 | D:6      | Found an iron altar of Okawaru.
  7823 | D:6      | Reached skill level 1 in Evocations
  7957 | D:6      | Reached skill level 1 in Stealth
  8032 | D:6      | Noticed Grinder
  8044 | D:6      | Killed Grinder
  8214 | D:7      | Identified a scroll of acquirement
  8214 | D:7      | Acquired the amulet "Piwen" {Reflect Str+5 SH+5}
  8886 | D:7      | Found a flagged portal.
  8912 | Bailey   | Entered a bailey
  9985 | Bailey   | Noticed a kobold demonologist
 10002 | Bailey   | Killed a kobold demonologist
 10003 | Bailey   | Reached skill level 5 in Dodging
 10014 | Bailey   | Reached XP level 11. HP: 83/92 MP: 11/11
 10170 | Bailey   | Noticed an orc knight
 10187 | Bailey   | Killed an orc knight
 10515 | Bailey   | Acquired a +0 executioner's axe of flaming
 10566 | Bailey   | Found an iron altar of Okawaru.
 10576 | Bailey   | Noticed a soul eater
 11067 | D:7      | Noticed a white ugly thing
 11069 | D:7      | Noticed a cyan ugly thing
 11070 | D:7      | Noticed a cyan ugly thing
 11074 | D:7      | Killed a white ugly thing
 11081 | D:7      | Killed a cyan ugly thing
 11084 | D:7      | Killed a brown ugly thing
 11221 | D:7      | Noticed a cyclops
 11234 | D:7      | Killed a cyclops
 11519 | D:7      | Found Baoseah's Antique Weapon Shop.
 12163 | D:8      | Noticed a two-headed ogre
 12167 | D:8      | Killed a two-headed ogre
 12168 | D:8      | Reached skill level 10 in Fighting
 12168 | D:8      | Reached skill level 17 in Axes
 12337 | D:8      | Found a bloodstained altar of Trog.
 12362 | D:8      | Got Sif Muna's Almanac of Turbulence and Resurrection
 12808 | D:8      | Found Taduff's Weapon Emporium.
 13232 | D:9      | Noticed a deep elf pyromancer
 13237 | D:9      | Killed a deep elf pyromancer
 13297 | D:9      | Reached skill level 18 in Axes
 13301 | D:9      | Reached XP level 12. HP: 99/106 MP: 12/12
 13925 | D:9      | Found a staircase to the Lair.
 14144 | D:10     | Entered Level 10 of the Dungeon
 14164 | D:10     | Reached skill level 19 in Axes
 14181 | D:10     | Noticed a tengu warrior
 14195 | D:10     | Noticed a tengu warrior
 14423 | D:9      | Killed a tengu warrior
 14541 | Lair:1   | Entered Level 1 of the Lair of Beasts
 14649 | Lair:1   | Noticed Amaemon
 14669 | Lair:1   | Killed Amaemon
 14817 | Lair:1   | Noticed Fannar
 14827 | Lair:1   | Killed Fannar
 14893 | Lair:1   | Reached skill level 20 in Axes
 15043 | Lair:1   | Bought the ring "Neost" {EV+5 Dex+4} for 925 gold pieces
 15754 | Lair:2   | Reached XP level 13. HP: 113/113 MP: 13/13
 15939 | Lair:2   | Reached skill level 21 in Axes
 17114 | Lair:3   | Reached skill level 22 in Axes
 17336 | Lair:3   | Slain by a swamp worm

Illustrated notes

Levels and vault maps discovered:
D:1:      co_arrival_random_square_maze, layout_loops_corners,
          hellmonk_ecumenical_altar_inner_sanctum
D:2:      layout_loops_cross
D:3:      layout_loops_corners, uniq_crazy_yiuf_cottage
D:4:      layout_loops_ring, nicolae_ashenzari_skybound, lemuel_round_altar,
          nicolae_ru_the_path_less_chosen, enter_ossuary_4, minmay_lizard_king,
          uniq_duvessa
D:5:      layout_rooms, minitemple, vehumet_crystals,
          minmay_temple_entry_offerings, serial_co_window_serial,
          co_window_corner_a, co_window_corner_a, co_window_paths_b,
          co_window_corner_a, co_window_corner_a, co_window_corner_ca,
          co_window_corner_b, co_window_2corner, co_window_corner_b,
          co_window_2corner, co_window_4corner_b, co_window_4corner_a,
          glass_columns_a, glass_columns_a, glass_columns_a,
          gup_sewer_entry_glass, guppyfry_early_lair_pool
D:6:      layout_loops_ring, okawaru_metal_pillars_1_2, uniq_pikel, uniq_grinder
D:7:      minmay_the_grid_plus [minmay_the_grid_minigrid_large,
          minmay_the_grid_spikes, minmay_the_grid_paths,
          minmay_the_grid_all_tris, minmay_the_grid_prize_inner_circle],
          layout_rooms, enter_bailey_7, serial_shops, nicolae_take_the_stairs
D:8:      layout_gridville, mainiacjoe_overflow_24_doors, serial_shops, shop,
          kennysheep_nub, eino_jars
D:9:      layout_loops_ring, erik_lair_dragon
D:10:     layout_rooms, makhleb_altar_promises_db, grunt_decor_resistance
Temple:   hellmonk_temple_forest_ring
Lair:1:   layout_gridlike, uniq_amaemon, uniq_fannar
Lair:2:   layout_cave_pods
Lair:3:   layout_gridlike, nicolae_swamp_entry_splash_gauntlet,
          nicolae_spider_entry_non_spiders, pf_torpor_hydra

Skill      XL: |  1  2  3  4  5  6  7  8  9 10 11 12 13 |
---------------+----------------------------------------+-----
Axes           | 3 4 5 7 8 9 10 13 16 18 20 22 | 22.2
Fighting       | 4 5 7 10 | 10.7
Dodging        | 2 3 5 6 7 8 |  8.0
Armour         | 5 6 |  6.0
Evocations     | 3 |  3.0
Stealth        | 3 |  3.0
Shields        | |  3.2

Action                     |  1- 3 |  4- 6 |  7- 9 | 10-12 | 13-15 || total
---------------------------+-------+-------+-------+-------+-------++-------
  Melee: War axe           |    88 |   158 |   470 |   303 |       ||  1019
         Executioner's axe |       |       |       |   341 |   153 ||   494
 Invoke: Call Merchant     |       |       |       |     1 |       ||     1
  Evoke: Wand              |       |       |       |    18 |       ||    18
    Use: Potion            |     3 |     1 |       |     3 |       ||     7
         Scroll            |       |    10 |     7 |     5 |       ||    22
   Stab: Distracted        |       |       |       |     3 |       ||     3
         Paralysed         |       |       |       |     7 |       ||     7
         Invisible         |       |       |       |     6 |       ||     6
 Armour: Scale mail        |    46 |    58 |   127 |       |       ||   231
         Skin              |     2 |     8 |       |       |       ||    10
         Chain mail        |       |       |    52 |   229 |    54 ||   335
  Dodge: Dodged            |    56 |    47 |   130 |   234 |    89 ||   556
  Block: Buckler           |    13 |    18 |    66 |    70 |       ||   167
         Reflection        |       |       |       |     5 |       ||     5
         Other             |       |       |       |    61 |    19 ||    80

Table legend: (Time is in decaauts)
 A = Elapsed time spent in this place.
 B = Non-inter-level travel time spent in this place.
 C = Inter-level travel time spent in this place.
 D = Time resting spent in this place.
 E = Time spent auto-exploring this place.
 F = Levels seen in this place.
 G = Mean time per level.
                   A        B        C        D        E       F      G
               +--------+--------+--------+--------+--------+-----+--------+
         Total |  17288 |  16661 |    627 |   3218 |   9022 |  17 | 1016.9 |
       Dungeon |  11474 |  10899 |    575 |   1788 |   6260 |  10 | 1147.4 |
        Temple |    139 |    134 |      5 |      0 |    120 |   1 |  139.0 |
          Lair |   2759 |   2712 |     47 |     23 |   2182 |   3 |  919.7 |
         Sewer |    299 |    299 |      0 |    100 |    105 |   1 |  299.0 |
       Ossuary |    596 |    596 |      0 |    147 |    189 |   1 |  596.0 |
        Bailey |   2018 |   2018 |      0 |   1160 |    166 |   1 | 2018.0 |
               +--------+--------+--------+--------+--------+-----+--------+

Top non-repeatable levels by time:
  Bailey: 2018 daAuts
     D:3: 1692 daAuts
     D:7: 1504 daAuts
     D:5: 1393 daAuts
     D:9: 1343 daAuts
     D:8: 1276 daAuts
     D:1: 1243 daAuts
  Lair:2: 1211 daAuts
     D:4: 1167 daAuts
     D:6: 1040 daAuts
  Lair:1: 980 daAuts
     D:2: 751 daAuts
 Ossuary: 596 daAuts
  Lair:3: 567 daAuts
   Sewer: 299 daAuts
